 Dungeon Crawl Stone Soup version 0.18-a0-1805-g8ab820f (webtiles) character file.

24 ololoev the Skirmisher (level 3, 33/33 HPs)
             Began as a Hill Orc Fighter on Apr 25, 2016.
             Was a Follower of Qazlal.
             Quit the game on level 2 of the Dungeon.
             The game lasted 00:01:22 (635 turns).

ololoev the Skirmisher (Hill Orc Fighter)            Turns: 635, Time: 00:01:22

Health: 33/33      AC:  6    Str: 19    XL:     3   Next: 2%
Magic:  3/3        EV:  7    Int:  8    God:    Qazlal [*.....]
Gold:   52         SH: 10    Dex: 10    Spells: 0 memorised, 2 levels left

rFire  . . .     SeeInvis .     a - +0 war axe
rCold  . . .     Gourm    .     b - +0 scale mail
rNeg   . . .     Faith    .     c - +0 shield
rPois  .         Spirit   .     (no helmet)
rElec  .         Dismiss  .     (no cloak)
rCorr  .         Reflect  .     (no gloves)
SustAt .         Harm     .     (no boots)
MR     .....                    (no amulet)
Stlth  ..........               (no ring)
                                (no ring)

@: not resistant to hostile enchantments, extremely unstealthy
A: no striking features
a: Renounce Religion

Inventory:

Hand Weapons
 a - a +0 war axe (weapon)
Armour
 b - a +0 scale mail (worn)
 c - a +0 shield (worn)
Scrolls
 e - a scroll of identify {unknown}
 h - a scroll of immolation {unknown}
 j - 2 scrolls of enchant armour {unknown}
 k - a scroll of amnesia {unknown}
Potions
 d - a potion of might
 g - a potion of heal wounds {unknown}
 i - a potion of degeneration {unknown}
Comestibles
 f - 3 bread rations


   Skills:
 + Level 4.0 Fighting
 * Level 3.7 Axes
 + Level 3.5 Armour
 - Level 3.2 Shields


You had 2 spell levels left.
You didn't know any spells.


You were on level 2 of the Dungeon.
You worshipped Qazlal.
Qazlal was aware of your devotion.
You were not hungry.

You visited 1 branch of the dungeon, and saw 2 of its levels.

You collected 52 gold pieces.

##......##. #....
#.....####. #....
#.....##### #....###
#.........#
#.......######..........
#..(.S.................<
#..............##.......
#......#.......##.......
... #@#......##.......
#......#b......†........
#.......................
#$......................
###............##.......
#.......####.........#
#.......# #....#####
#.......# #......
#.......# #......

Notes
Turn   | Place    | Note
--------------------------------------------------------------
     0 | D:1      | ololoev the Hill Orc Fighter began the quest for the Orb.
     0 | D:1      | Reached XP level 1. HP: 19/19 MP: 1/1
   230 | D:1      | Reached XP level 2. HP: 27/27 MP: 2/2
   612 | D:2      | Reached XP level 3. HP: 33/33 MP: 3/3
   617 | D:2      | Found a faded altar to an unknown god.
   625 | D:2      | Reached skill level 4 in Fighting
   635 | D:2      | Became a worshipper of Qazlal Stormbringer
   635 | D:2      | Reached * piety under Qazlal
   635 | D:2      | Quit the game

Dungeon Overview and Level Annotations

Branches:
Dungeon (2/15)

Altars:
Qazlal


Message History

The rat closely misses you.
You barely miss the rat. The rat bites you.
You slash the rat!
You kill the rat!
No target in view!
No target in view!
No target in view!
No target in view!
No target in view!
No target in view!
No target in view!
No target in view!
No target in view!
Found 21 arrows.
You now have 35 gold pieces (gained 14).
f - 3 bread rations (gained 1)
You now have 52 gold pieces (gained 17).
A rat comes into view.
A rat is nearby!
A rat is nearby!
A rat is nearby!
You block the rat's attack.
Your shield prevents you from hitting the rat.
You block the rat's attack.
You slash the rat!
You kill the rat!
You have reached level 3!
Your experience leads to an increase in your attributes!
Increase (S)trength, (I)ntelligence, or (D)exterity?
You feel stronger.
A bat comes into view.
Found a faded altar to an unknown god.
A bat is nearby!
A bat is nearby!
A bat is nearby!
The bat closely misses you.
Your shield and scale mail prevent you from hitting the bat.
The bat hits you but does no damage. You block the bat's attack.
The bat hits you but does no damage. The bat closely misses you.
The bat closely misses you.
You closely miss the bat. The bat hits you but does no damage.
You hit the bat.
You kill the bat!
Your Fighting skill increases to level 4!
No target in view!
No target in view!
No target in view!
No target in view!
No target in view!
No target in view!
No target in view!
No target in view!
No target in view!
No target in view!
No target in view!
No target in view!
No target in view!
No target in view!
No target in view!
No target in view!
A bat comes into view.
The bat hits you but does no damage.
You miss the bat. The bat hits you but does no damage.
You block the bat's attack. You block the bat's attack.
Found 18 stones.
You block the bat's attack.
An adder comes into view.
The bat hits you but does no damage.
Found 15 gold pieces.
The bat hits you but does no damage. You block the bat's attack.
There is a faded altar to an unknown god here.
This altar will convert you to a god.
You cannot discern which.
Do you pray? Qazlal accepts your prayer! Qazlal welcomes you!
Qazlal grants you immunity to your own clouds.
You are surrounded by a storm.
Are you sure you want to abandon this character and quit the game? (Confirm with "yes".)

You could see an adder and a bat.

Vanquished Creatures
  A dart slug (D:1)
  2 giant cockroaches
  A goblin (D:1)
  A hobgoblin (D:1)
  3 jackals (D:1)
  3 kobolds (D:1)
  3 bats
  7 rats
21 creatures vanquished.

Action                   || total
-------------------------++-------
Melee: War axe           ||    55
Armor: Scale mail        ||    32
Dodge: Dodged            ||    15
Block: Shield            ||    32

Vault maps used:
D:1:      grunt_arrival_lava_bath
D:2:      grunt_temple_overflow_cloverleaf, first_bread, ecumenical_altar_1
